 Dungeon Crawl Stone Soup version 0.29.1-2-gbd0b4ee654 (webtiles) character file.

Game seed: 10689857102687383662

143 jamestheduck25 the Ducker (level 5, -5/27 HPs)
             Began as a Spriggan Abyssal Knight on Nov 29, 2022.
             Was a Priest of Lugonu.
             Killed by divine providence
             ... invoked by an orc priest
              (14 damage)
             ... on level 6 of the Dungeon.
             The game lasted 00:07:47 (3691 turns).

jamestheduck25 the Ducker (Spriggan Abyssal Knight) Turns: 3691, Time: 00:07:50

Health: -5/27      AC:  3    Str:  9    XL:     5   Next: 4%
Magic:  7/7        EV: 21    Int: 11    God:    Lugonu [***...]
Gold:   171        SH:  0    Dex: 18    Spells: 4/4 levels left

rFire   . . .      SeeInvis +   f - +2 dagger (speed)
rCold   . . .      Faith    .   (no shield)
rNeg    . . .      Spirit   .   b - +1 robe
rPois   .          Reflect  .   (helmet restricted)
rElec   .          Harm     .   (no cloak)
rCorr   .          Rampage  .   (gloves unavailable)
Will    .....                   (boots unavailable)
Stlth   ++........              (no amulet)
HPRegen 0.09/turn               (no ring)
MPRegen 0.10/turn               (no ring)

@: very quick
A: very small, no large weapons, unfitting armour, see invisible, speed 3
a: Renounce Religion, Depart the Abyss, Bend Space, Banish


You were on level 6 of the Dungeon.
You worshipped Lugonu.
Lugonu was most pleased with you.
You visited 1 branch of the dungeon, and saw 6 of its levels.
You visited the Abyss 1 time.

You collected 171 gold pieces.

Inventory:

Hand Weapons
 a - a +1 short sword
 f - a +2 dagger of speed (weapon)
 l - a +2 short sword of draining
Armour
 b - a +1 robe (worn)
Magical Staves
 c - a staff of conjuration
Jewellery
 j - a +4 ring of protection
 o - a ring of resist corrosion
Wands
 p - a wand of paralysis (5)
Scrolls
 e - 3 scrolls of teleportation
 g - a scroll of noise
 m - a scroll of vulnerability
 n - 5 scrolls of identify
 q - a scroll of butterflies
 r - a scroll of brand weapon {unknown}
 s - a scroll of blinking {unknown}
Potions
 d - 5 potions of curing
 h - a potion of attraction {unknown}
 i - a potion of ambrosia
 k - a potion of invisibility {unknown}


   Skills:
 - Level 2.4 Fighting
 - Level 2.1 Short Blades
 * Level 7.2 Dodging
 - Level 1.7 Invocations


You had 4 spell levels left.
You didn't know any spells.
Your spell library contained the following spells:

 Spells                   Type           Power      Damage    Failure   Level
 Apportation              Tloc           0%         N/A       34%         1
 Magic Dart               Conj           0%         1d3       34%         1
 Necrotise                Necr           0%         1d4       34%         1
 Summon Small Mammal      Summ           0%         N/A       34%         1
 Call Imp                 Summ           0%         N/A       47%         2
 Mephitic Cloud           Conj/Pois/Air  0%         N/A       71%         3


Dungeon Overview and Level Annotations

Branches:
Dungeon (5/15)
 Temple: D:4-7

Altars:
Cheibriados
Fedhas
Xom


Innate Abilities, Weirdness & Mutations

You are very small and have problems with some larger weapons.
You are too small for most types of armour.
You have supernaturally acute eyesight. (SInv)
You cover ground extremely quickly. (Speed+++)


Message History

You are too injured to fight recklessly!
There are monsters nearby!
You are too injured to fight recklessly!
There are monsters nearby!
You are too injured to fight recklessly!
There are monsters nearby!
You are too injured to fight recklessly!
You are too injured to fight recklessly!
You are too injured to fight recklessly!
You are too injured to fight recklessly!
There are monsters nearby!
You are too injured to fight recklessly!
There are monsters nearby!
You are too injured to fight recklessly!
There are monsters nearby!
You are too injured to fight recklessly!
You hit the orc.
The orc is severely wounded.
You hit the orc but do no damage.
The orc is severely wounded.
The orc completely misses you.
The orc priest hits you with a +0 hand axe.
You barely miss the orc.
The orc is heavily wounded.
You hit the orc.
You kill the orc!
Lugonu accepts your kill.
You barely miss the orc priest. You hit the orc priest.
The orc priest is lightly wounded.
An orc wizard comes into view. It is wielding a +0 dagger.
The orc priest completely misses you.
The orc wizard shouts!
You hit the orc priest but do no damage.
The orc priest is lightly wounded.
You hear a shout!
The orc priest mumbles some strange prayers to Beogh against you.
Beogh smites you!
Ouch! That really hurt!
You die...

.. .. #.# #.# .
.. .... . #.# #.#
#o#.#.. .... ..
........
.#.#.#.#.#.#.#..
.......o.........
#.#.#.#o#.#.#.#.#
.......@.......#
.#.#.#.#.#.#.#.#
...............##
#.#.#.#.#.#.#....
.........!.......
.#.#.#.#.#.#.....
.................
#.#.#.#.#.#......
.................


You could see an orc priest, an orc wizard and an orc.

Vanquished Creatures
  A hound (D:4)
  An iguana (D:4)
  An adder (D:2)
  A worm (D:3)
  2 dart slugs (D:3)
  8 orcs
  6 ball pythons
  7 bats
  5 endoplasms
  4 giant cockroaches
  7 goblins
  3 hobgoblins
  2 quokkas
  3 frilled lizards (D:3)
  6 kobolds
  7 rats (D:1)
64 creatures vanquished.

Notes
Turn   | Place    | Note
-------+----------+-------------------------------------------
     0 | Abyss:1  | jamestheduck25 the Spriggan Abyssal Knight began the quest
                  | for the Orb.
     0 | Abyss:1  | Reached XP level 1. HP: 11/11 MP: 3/3
    28 | Abyss:1  | Found a corrupted altar of Lugonu.
    90 | Abyss:1  | Found a corrupted altar of Lugonu.
   161 | D:1      | Escaped the Abyss
   252 | D:1      | Reached ** piety under Lugonu
   346 | D:1      | Reached skill level 4 in Dodging
   385 | D:1      | Reached XP level 2. HP: 13/16 MP: 4/4
   467 | D:1      | Found a faded altar of an unknown god.
  1164 | D:2      | Reached skill level 5 in Dodging
  1164 | D:2      | Reached XP level 3. HP: 14/19 MP: 5/5
  1711 | D:3      | Found a snail-covered altar of Cheibriados.
  1714 | D:3      | Found a shimmering altar of Xom.
  1719 | D:3      | Found a blossoming altar of Fedhas.
  2275 | D:3      | Reached *** piety under Lugonu
  2341 | D:3      | Reached skill level 6 in Dodging
  2349 | D:3      | Reached XP level 4. HP: 7/23 MP: 6/6
  3330 | D:4      | Reached skill level 7 in Dodging
  3519 | D:4      | Reached XP level 5. HP: 27/27 MP: 7/7
  3671 | D:5      | Entered Level 5 of the Dungeon
  3671 | D:5      | You fall into a shaft and drop 1 floor!
  3691 | D:6      | Killed from afar by an orc priest

Illustrated notes

Levels and vault maps discovered:
D:1:      dpeg_arrival_lava_temple_mockup, layout_rooms,
          chequers_ecumenical_altar_island
D:2:      layout_basic
D:3:      layout_loops_ring, minitemple, minmay_pentomino_pile
D:4:      layout_basic, eino_small_chamber_without_monster
D:5:      layout_loops_ring, uniq_pikel
D:6:      layout_rooms, minmay_temple_entry_drinking_statues, hex_large,
          skrybe_limestone_x

Skill      XL: |  1  2  3  4 |
---------------+-------------+-----
Dodging        | 4 5 6 7 |  7.2
Fighting       | |  2.4
Short Blades   | |  2.1
Invocations    | |  1.7

Action                   |  1- 3 |  4- 6 || total
-------------------------+-------+-------++-------
Melee: Short sword       |    66 |       ||    66
       Dagger            |    63 |    81 ||   144
       Staff             |       |     1 ||     1
Invok: Depart the Abyss  |     1 |       ||     1
  Use: Scroll            |     7 |     1 ||     8
       Potion            |     2 |       ||     2
 Stab: Sleeping          |     6 |     1 ||     7
Armor: Robe              |    10 |     6 ||    16
Dodge: Dodged            |    89 |    36 ||   125
